 Dungeon Crawl Stone Soup version 0.19.1-1-g22dce08 (webtiles) character file.

81 Macro the Charmwright (level 4, -1/29 HPs)
             Began as a Halfling Skald on Jan 19, 2017.
             Slain by Terence
             ... wielding a +0 morningstar
              (12 damage)
             ... on level 3 of the Dungeon.
             The game lasted 00:11:51 (2553 turns).

Macro the Charmwright (Halfling Skald)              Turns: 2553, Time: 00:11:52

Health: -1/29      AC:  3    Str: 13    XL:     4   Next: 68%
Magic:  6/6        EV: 14    Int: 11    God:
Gold:   140        SH:  0    Dex: 13    Spells: 2 memorised, 3 levels left

rFire  . . .     SeeInvis .     v - staff of energy
rCold  . . .     Gourm    .     b - +0 leather armour
rNeg   . . .     Faith    .     (shield currently unavailable)
rPois  .         Spirit   .     (no helmet)
rElec  .         Reflect  .     (no cloak)
rCorr  +         Harm     .     (no gloves)
MR     .....                    (no boots)
Stlth  +.........               (no amulet)
                                (no ring)
                                s - ring of resist corrosion

@: no status effects
A: mutation resistance 1
a: no special abilities


You were on level 3 of the Dungeon.
You were hungry.

You visited 1 branch of the dungeon, and saw 3 of its levels.

You collected 140 gold pieces.

Inventory:

Hand Weapons
 a - a +0 short sword
Armour
 b - a +0 leather armour (worn)
Magical Staves
 v - an uncursed staff of energy (weapon)
Jewellery
 s - a ring of resist corrosion (left hand)
Scrolls
 e - a scroll of enchant weapon {unknown}
 f - a scroll of noise {unknown}
 h - a scroll of fog {unknown}
 i - 3 scrolls of remove curse {unknown}
 l - a scroll of random uselessness {unknown}
 o - a scroll of magic mapping {unknown}
 p - 4 scrolls of identify {unknown}
 q - a scroll of teleportation {unknown}
 t - a scroll of amnesia {unknown}
Potions
 k - 2 potions of curing {unknown}
 n - a potion of might {unknown}
 r - a potion of flight {unknown}
 u - a potion of mutation {unknown}
Books
 c - a book of Battle

   Spells                             Type                      Level
   a - Infusion                       Charms                       1
   b - Shroud of Golubria             Charms/Translocation         2
   c - Song of Slaying                Charms                       2
   d - Spectral Weapon                Hexes/Charms                 3
   e - Regeneration                   Charms/Necromancy            3
Comestibles
 d - 3 bread rations
 g - 2 royal jellies
 j - 3 beef jerkies
 m - 2 meat rations


   Skills:
 + Level 2.1 Fighting
 + Level 3.4 Short Blades
 + Level 0.1 Staves
 + Level 1.9 Armour
 + Level 1.8 Dodging
 + Level 1.0 Stealth
 + Level 1.8 Spellcasting
 + Level 3.7 Charms


You had 3 spell levels left.
You knew the following spells:

 Your Spells              Type           Power        Failure   Level  Hunger
a - Infusion              Chrm           #...         10%         1    None
b - Song of Slaying       Chrm           #.......     14%         2    None


Dungeon Overview and Level Annotations

Branches:
Dungeon (3/15)

Altars:

Annotations:
D:3 Terence


Innate Abilities, Weirdness & Mutations

You are small and have problems with some larger weapons.
You are somewhat resistant to further mutation.


Message History

A giant cockroach comes into view.
A rat comes into view.
You miss Terence. Terence barely misses you.
You miss Terence.
You are no longer magically infusing your attacks.
Terence hits you but does no damage.
You barely miss Terence. Terence barely misses you.
You hit Terence but do no damage. Terence barely misses you.
You closely miss Terence. Terence barely misses you.
You barely miss Terence. Terence hits you with a morningstar!
You hit Terence but do no damage. Terence closely misses you.
You miss Terence. Terence misses you.
You hit Terence but do no damage. Terence misses you.
You hit Terence.
Terence is lightly wounded.
Terence hits you with a morningstar!
You closely miss Terence.
Terence is lightly wounded.
Terence hits you with a morningstar!
You die...

...##.# #.. ......% #..#.#
#.. s...?..r. #...# ###..
........# ######..###....
........# .........<.#..
......... ..............
........# #####.......##..
.......r###...........####
.......g@@..###.......#
.......s##### #.......#
........# #.......#
......... #.......#
.......#.# #.......#
..####. .. #.......# . #.
#.# #.......# #. ..
###..#.## .. ##. #..#.#


You could see Terence, a giant cockroach, a goblin and a rat.

Vanquished Creatures
  3 adders (D:2)
  2 worms
  3 dart slugs
  2 bats
  2 giant cockroaches
  5 goblins
  5 hobgoblins
  4 jackals
  9 kobolds
  A frilled lizard (D:1)
  6 rats
42 creatures vanquished.

Notes
Turn   | Place    | Note
-------+----------+-------------------------------------------
     0 | D:1      | Macro the Halfling Skald began the quest for the Orb.
     0 | D:1      | Reached XP level 1. HP: 14/14 MP: 3/3
   400 | D:1      | Reached XP level 2. HP: 18/19 MP: 4/4
   405 | D:1      | Learned a level 2 spell: Song of Slaying
   628 | D:1      | Reached XP level 3. HP: 10/24 MP: 5/5
  1155 | D:2      | Reached skill level 1 in Stealth
  1155 | D:2      | Reached XP level 4. HP: 15/29 MP: 4/6
  1259 | D:2      | HP: 1/29 [worm (3)]
  2534 | D:3      | Noticed Terence
  2553 | D:3      | Slain by Terence

Skill      XL: |  1  2  3 |
---------------+----------+-----
Short Blades   | 3 |  3.4
Fighting       | 2 |  2.1
Stealth        | 1 |  1.0
Staves         | |  0.1
Armour         | |  1.9
Dodging        | |  1.8
Spellcasting   | |  1.8
Charms         | |  3.7

Action                   |  1- 3 |  4- 6 || total
-------------------------+-------+-------++-------
Melee: Short sword       |   115 |    25 ||   140
       Staff             |       |    52 ||    52
 Cast: Infusion          |     6 |    10 ||    16
 Stab: Sleeping          |     1 |       ||     1
  Eat: Chunk             |     1 |     4 ||     5
Armor: Leather armour    |    23 |     7 ||    30
Dodge: Dodged            |   100 |    47 ||   147
